 Dungeon Crawl Stone Soup version 0.19-a0-1773-gaa448fe (webtiles) character file.

30 taqueso the Sneak (level 3, -1/19 HPs)
             Began as a Kobold Enchanter on Oct 13, 2016.
             Slain by a worker ant (6 damage)
             ... on level 1 of the Dungeon.
             The game lasted 00:06:40 (967 turns).

taqueso the Sneak (Kobold Enchanter)                 Turns: 967, Time: 00:06:41

Health: -1/19      AC:  3    Str:  6    XL:     3   Next: 37%
Magic:  1/6        EV: 20    Int: 16    God:
Gold:   53         SH:  0    Dex: 20    Spells: 3 memorised, 0 levels left

rFire  . . .     SeeInvis .     a - +1 dagger
rCold  . . .     Gourm    .     b - +1 robe
rNeg   . . .     Faith    .     (shield restricted)
rPois  .         Spirit   .     (no helmet)
rElec  .         Dismiss  .     (no cloak)
rCorr  .         Reflect  .     (no gloves)
MR     .....     Harm     .     (no boots)
Stlth  ++++......               i - amulet of regeneration {+regen, !d}
                                (no ring)
                                (no ring)

@: agile, flying
A: carnivore 3
a: no special abilities


You were on level 1 of the Dungeon.
You were very full.

You visited 1 branch of the dungeon, and saw 1 of its levels.

You collected 53 gold pieces.

Inventory:

Hand Weapons
 a - a +1 dagger (weapon)
Missiles
 e - 36 stones (quivered)
Armour
 b - a +1 robe (worn)
Jewellery
 i - an amulet of regeneration (around neck) {+regen, !d}
   (You found it on level 1 of the Dungeon)
Books
 c - a book of Maledictions
Comestibles
 d - a meat ration {@e2}
 j - 2 chunks of flesh {@w0}


   Skills:
 * Level 3.0 Short Blades
 - Level 2.4 Dodging
 + Level 4.1 Stealth
 - Level 2.1 Spellcasting
 + Level 3.5 Hexes


You couldn't memorise any spells.
You knew the following spells:

 Your Spells              Type           Power        Failure   Level  Hunger
c - Confuse               Hex            ##......     14%         3    ###....
v - Corona                Hex            ##.....      6%          1    #......
A - Ensorcelled Hibernat  Hex/Ice        #.....       17%         2    ###....


Dungeon Overview and Level Annotations

Branches:
Dungeon (1/15)

Altars:


Innate Abilities, Weirdness & Mutations

You are small and have problems with some larger weapons.
You are carnivorous and can eat meat at any time.


Message History

You finish memorising.
Spell assigned to 'c'.
A worker ant comes into view.
The worker ant moves out of view.
The worker ant twitches its antennae in your direction.
The worker ant completely misses you.
The worker ant is too close now for your liking.
The worker ant resists with some effort.
You now have 4/6 mp.
The worker ant resists with some effort.
The worker ant closely misses you.
You now have 2/6 mp.
The worker ant resists with some effort.
The worker ant closely misses you.
You now have 0/6 mp.
You barely miss the worker ant. The worker ant barely misses you.
You hit the worker ant. The worker ant closely misses you.
You barely miss the worker ant. The worker ant bites you.
You are poisoned.
The worker ant poisons you!
You take 4 damage, and have 15/19 hp.
MASSIVE DAMAGE!!
You barely miss the worker ant.
You feel sick. The worker ant closely misses you.
You hit the worker ant but do no damage.
You feel sick. The worker ant bites you.
You take 7 damage, and have 8/19 hp.
MASSIVE DAMAGE!!
It was a potion of curing.
You feel better. The worker ant closely misses you. The worker ant bites you.
You are poisoned.
The worker ant poisons you!
You regained 7 hp, and now have 15/19 hp.
You hit the worker ant but do no damage.
You feel sick.
The worker ant bites you but does no damage.
You hit the worker ant.
You feel sick. The worker ant barely misses you.
You take 1 damage, and have 14/19 hp.
The worker ant struggles to resist.
You feel sick. The worker ant barely misses you.
You now have 0/6 mp.
You hit the worker ant. The worker ant completely misses you.
You hit the worker ant.
You feel sick. The worker ant misses you.
You hit the worker ant but do no damage.
The worker ant closely misses you.
You hit the worker ant but do no damage.
You feel sick.
The worker ant bites you but does no damage.
You take 1 damage, and have 13/19 hp.
You hit the worker ant but do no damage.
The worker ant closely misses you.
You barely miss the worker ant.
You feel sick. The worker ant bites you.
You take 2 damage, and have 12/19 hp.
You barely miss the worker ant. The worker ant bites you.
You take 3 damage, and have 9/19 hp.
You hit the worker ant but do no damage.
The worker ant barely misses you.
You hit the worker ant but do no damage.
You feel sick. The worker ant barely misses you.
The worker ant closely misses you.
You take 1 damage, and have 8/19 hp.
You hit the worker ant. The worker ant barely misses you.
You hit the worker ant but do no damage.
The worker ant bites you.
You take 2 damage, and have 7/19 hp.
The worker ant struggles to resist.
You feel sick. The worker ant bites you.
* * * LOW HITPOINT WARNING * * *
You are more poisoned.
The worker ant poisons you!
You take 3 damage, and have 4/19 hp.
You now have 0/6 mp.
You feel better. The worker ant closely misses you.
You regained 7 hp, and now have 11/19 hp.
You barely miss the worker ant. The worker ant barely misses you.
You hit the worker ant but do no damage.
The worker ant bites you.
You take 5 damage, and have 6/19 hp.
MASSIVE DAMAGE!!
It was a potion of flight.
You feel very buoyant.
You fly up into the air.
The worker ant bites you.
* * * LOW HITPOINT WARNING * * *
You take 2 damage, and have 4/19 hp.
It was a potion of agility.
You feel agile all of a sudden.
The worker ant bites you but does no damage.
You barely miss the worker ant. The worker ant misses you.
You hit the worker ant but do no damage.
The worker ant completely misses you.
You hit the worker ant. The worker ant barely misses you.
You hit the worker ant but do no damage.
The worker ant bites you.
* * * LOW HITPOINT WARNING * * *
You take 3 damage, and have 3/19 hp.
You hit the worker ant but do no damage.
The worker ant misses you. x2
You hit the worker ant but do no damage.
The worker ant completely misses you.
You hit the worker ant. The worker ant completely misses you.
You hit the worker ant but do no damage.
The worker ant bites you.
You die...

## ##### .####...#
........# .####...# ##
##.## #####...##########
#...............#######
#.#...........a.......#
##.#......######@#####.
..........#.............
##.#.....##.####.#####.#
#.#.......#.# #.# .
##..####.## #.# #.. ###
#.. .... ###.. ##.## #.#
#. #.#


You could see a worker ant.

Vanquished Creatures
  3 dart slugs (D:1)
  5 hobgoblins (D:1)
  4 jackals (D:1)
  6 kobolds (D:1)
  2 ball pythons (D:1)
  A bat (D:1)
  A frilled lizard (D:1)
  A rat (D:1)
23 creatures vanquished.

Notes
Turn   | Place    | Note
-------+----------+-------------------------------------------
     0 | D:1      | taqueso the Kobold Enchanter began the quest for the Orb.
     0 | D:1      | Reached XP level 1. HP: 10/10 MP: 3/3
   206 | D:1      | Reached skill level 2 in Short Blades
   234 | D:1      | Reached XP level 2. HP: 15/15 MP: 3/5
   256 | D:1      | Learned a level 2 spell: Ensorcelled Hibernation
   642 | D:1      | Reached XP level 3. HP: 14/19 MP: 0/6
   900 | D:1      | Reached skill level 3 in Short Blades
   922 | D:1      | Learned a level 3 spell: Confuse
   954 | D:1      | HP: 4/19 [worker ant (3)]
   963 | D:1      | HP: 3/19 [worker ant (3)]
   967 | D:1      | Slain by a worker ant

Vault maps used:
D:1:      tarquinn_simple_flora_water_e

Skill      XL: |  1  2  3 |
---------------+----------+-----
Short Blades   | 2 3 |  3.0
Dodging        | |  2.4
Stealth        | |  4.1
Spellcasting   | |  2.1
Hexes          | |  3.5

Action                   || total
-------------------------++-------
Melee: Dagger            ||    96
Throw: Stone             ||    10
 Cast: Corona            ||    11
       Ensorcelled Hiber ||    11
  Use: Potion            ||     4
 Stab: Sleeping          ||    11
  Eat: Chunk             ||     9
Armor: Robe              ||     9
Dodge: Dodged            ||    67

Vault maps used:
D:1:      tarquinn_simple_flora_water_e

Table legend:
 A = Turns spent in this place as a percentage of turns spent in the entire game.
 B = Non-inter-level travel turns spent in this place as a percentage of non-inter-level travel turns spent in the entire game.
 C = Inter-level travel turns spent in this place as a percentage of turns spent in this place.
 D = Turns resting spent in this place as a percentage of non-inter-level travel turns spent in this place.
 E = Turns spent auto-exploring this place as a percentage of non-inter-level travel turns spent in this place.
 F = Non-inter-level travel turns spent in this place divided by the number of levels of this place that you've seen.
                   A       B       C       D       E      F
               +-------+-------+-------+-------+-------+----------------------
         Total | 100.0 | 100.0 |   0.0 |   9.2 |   5.1 | 272.0
       Dungeon | 100.0 | 100.0 |   0.0 |   9.2 |   5.1 | 272.0
               +-------+-------+-------+-------+-------+----------------------

Table legend:
 A = Kills in this place as a percentage of kills in entire the game.
 B = Kills by you in this place as a percentage of kills by you in the entire game.
 C = Kills by friends in this place as a percentage of kills by friends in the entire game.
 D = Other kills in this place as a percentage of other kills in the entire game.
 E = Experience gained in this place as a percentage of experience gained in the entire game.
 F = Experience gained in this place divided by the number of levels of this place that you have seen.
                   A       B       C       D       E      F
               +-------+-------+-------+-------+-------+----------------------
         Total | 100.0 | 100.0 |  -nan |  -nan | 100.0 |  44.0
       Dungeon | 100.0 | 100.0 |  -nan |  -nan | 100.0 |  44.0
               +-------+-------+-------+-------+-------+----------------------
